 Dungeon Crawl Stone Soup version 0.26-a0-712-ga5a9c9c9d0 (webtiles) character file.

Game seed: 2240788614642582151

116223 kae the Brawler (level 16, -4/158 HPs)
             Began as a Troll Transmuter on Nov 12, 2020.
             Was the Champion of Ru.
             Slain by a hornet (5 damage)
             ... created by a shambling mangrove
             ... while paralysed by a hornet
             ... on level 1 of the Swamp.
             The game lasted 00:28:39 (24508 turns).

kae the Brawler (Troll Transmuter)                 Turns: 24508, Time: 00:28:40

Health: -4/158     AC: 12    Str: 29    XL:     16   Next: 20%
Magic:  15/16      EV:  1    Int:  9    God:    Ru [******]
Gold:   3440       SH:  0    Dex: 16    Spells: 4/19 levels left

rFire    + + .     SeeInvis +     - Unarmed
rCold    x . .     Faith    .   (shield currently unavailable)
rNeg     + + .     Spirit   .   p - +0 fire dragon scales
rPois    +         Reflect  .   (helmet restricted)
rElec    .         Harm     .   F - scarf {repulsion}
rCorr    .         Rampage  .   (gloves unavailable)
MR       +....                  (boots unavailable)
Stlth    ..........             t - amulet of Zont {RegenMP rPois Str+2 Stlth+}
HPRegen  0.76/turn              y - +4 ring of slaying
MPRegen  0.40/turn              v - ring "Somuic" {rN++ Dex+6 SInv}

@: paralysed, blade hands, slowed, repel missiles
A: large, unfitting armour, claws 3, low mp 1, regeneration 1, shaggy fur 1,
tough skin 3, no stealth, inability to use devices, hated by all, inability to
train armour, no fire magic, no hexes magic, no translocations magic
a: End Transformation, Draw Out Power, Power Leap, Apocalypse, Renounce Religion


You were on level 1 of the Swamp.
You worshipped Ru.
Ru was exalted by your worship.
You had blades for hands.
You visited 5 branches of the dungeon, and saw 25 of its levels.
You also visited: Sewer, Bailey, Gauntlet and Volcano.

You collected 3657 gold pieces.
You spent 217 gold pieces at shops.

Inventory:

Armour
 p - +0 fire dragon scales (worn)
 C - the +2 robe of Altruism {Regen+ Int+3}
   (You found it on level 7 of the Dungeon)

   It affects your intelligence (+3).
   It increases your rate of regeneration.
 E - a +0 cloak of preservation
 F - a scarf of repulsion (worn)
Jewellery
 b - an uncursed ring of positive energy
 t - the amulet of Zont (around neck) {RegenMP rPois Str+2 Stlth+}
   (You acquired it on level 7 of the Dungeon)

   [amulet of magic regeneration]

   It increases your magic regeneration.
   It affects your strength (+2).
   It protects you from poison.
   It makes you more stealthy.
 v - the ring "Somuic" (right scythe-like blade) {rN++ Dex+6 SInv}
   (You found it on level 7 of the Dungeon)

   [ring of dexterity]

   It affects your dexterity (+6).
   It greatly protects you from negative energy.
   It lets you see invisible.
 y - a +4 ring of slaying (left scythe-like blade)
 J - an uncursed ring of wizardry
 M - a +4 ring of protection
 N - an uncursed ring of protection from magic
 O - an uncursed ring of see invisible
Scrolls
 a - a scroll of blinking
 g - a scroll of fear
 i - 14 scrolls of teleportation
 m - 6 scrolls of enchant weapon
 o - 6 scrolls of identify
 q - 10 scrolls of remove curse
 r - a scroll of brand weapon
 s - a scroll of amnesia
 u - 2 scrolls of magic mapping
 D - 5 scrolls of enchant armour
 H - 2 scrolls of fog
Potions
 c - a potion of cancellation
 d - 14 potions of curing
 e - 4 potions of berserk rage
 f - 7 potions of lignification
 h - a potion of haste
 k - 5 potions of might
 l - 2 potions of mutation
 n - 4 potions of flight
 w - 5 potions of ambrosia
 x - 6 potions of stabbing
 z - a potion of resistance
 A - a potion of magic
 B - 3 potions of brilliance
 K - 3 potions of heal wounds


   Skills:
 + Level 10.3 Fighting
 + Level 10.5 Dodging
 * Level 16.5 Unarmed Combat
 - Level 2.0 Spellcasting
 * Level 13.2 Transmutations


You had 4 spell levels left.
You knew the following spells:

 Your Spells              Type           Power        Failure   Level
a - Beastly Appendage     Tmut           ###...       11%         1
b - Spider Form           Tmut/Pois      ##........   58%         3
c - Blade Hands           Tmut           ###.......   47%         5
d - Ice Form              Ice/Tmut       ##......     87%         4
e - Passwall              Tmut/Erth      ##......     43%         2

Your spell library contained the following spells:

 Spells                   Type           Power        Failure   Level
 Wereblood                Tmut           ###.....     12%         2
 Sting                    Tmut/Pois      ##..         36%         1
 Petrify                  Tmut/Erth      ##......     87%         4
 Freeze                   Ice            #...         94%         1
 Sandblast                Erth           #.....       94%         1
 Corpse Rot               Necr/Air       N/A          98%         2
 Poisonous Vapours        Pois/Air       #.....       98%         2
 Frozen Ramparts          Ice            #.....       99%         3
 Mephitic Cloud           Conj/Pois/Air  #.......     99%         3
 Ozocubu's Armour         Ice            #.......     99%         3
 Stone Arrow              Conj/Erth      #.....       99%         3
 Hailstorm                Conj/Ice       #.......     100%        4
 Olgreb's Toxic Radiance  Pois           #.......     100%        4
 Hydra Form               Tmut           ###.......   88%         6
 Iskenderun's Battlesphe  Conj           #.......     100%        5
 Lee's Rapid Deconstruct  Erth           #.........   100%        5
 Eringya's Noxious Bog    Tmut/Pois      ##........   100%        6
 Iron Shot                Conj/Erth      #.........   100%        6
 Orb of Destruction       Conj           #.........   100%        7
 Ignite Poison            Fire/Tmut/Pois Unusable     N/A         3
 Animate Skeleton         Necr           Unusable     N/A         1
 Apportation              Tloc           Unusable     N/A         1
 Corona                   Hex            Unusable     N/A         1
 Summon Small Mammal      Summ           Unusable     N/A         1
 Slow                     Hex            Unusable     N/A         2
 Inner Flame              Hex/Fire       Unusable     N/A         3
 Portal Projectile        Hex/Tloc       Unusable     N/A         3
 Cause Fear               Hex            Unusable     N/A         4
 Leda's Liquefaction      Hex/Erth       Unusable     N/A         4
 Summon Ice Beast         Ice/Summ       Unusable     N/A         4
 Yara's Violent Unravell  Hex/Tmut       Unusable     N/A         5
 Bolt of Magma            Conj/Fire/Erth Unusable     N/A         5
 Silence                  Hex/Air        Unusable     N/A         5
 Summon Forest            Summ/Tloc      Unusable     N/A         5
 Spellforged Servitor     Conj/Summ      Unusable     N/A         7
 Summon Hydra             Summ           Unusable     N/A         7
 Discord                  Hex            Unusable     N/A         8

Dungeon Overview and Level Annotations

Branches:
Dungeon (15/15)            Temple (1/1) D:7            Lair (6/6) D:10
  Swamp (1/4) Lair:2        Snake (0/4) Lair:3        Slime (0/5) Lair:5
    Orc (2/2) D:11            Elf (0/3) Orc:2        Vaults (0/5) D:13
 Depths (0/5) D:15          Sewer (visited)          Bailey (visited)
Volcano (visited)         Gauntlet (visited)

Altars:
Ashenzari
Cheibriados
Dithmenos
Elyvilon
Fedhas
Gozag
Hepliaklqana
Kikubaaqudgha
Makhleb
Nemelex Xobeh
Okawaru
Qazlal
Ru
Sif Muna
Trog
Uskayaw
Vehumet
Wu Jian
Xom
Yredelemnul
Zin
The Shining One
Beogh

Shops:
D:4 =   D:7 [   Orc:2 (*[:

Annotations:
D:9 2 runed translucent doors
D:13 exclusions: orange demon and rust devil
D:15 2 transporters, Payqy's ghost, journeyman FoFi


Innate Abilities, Weirdness & Mutations

You are too large for most types of armour.
You have claws for hands.
Your magical capacity is low. (-10% MP)
Your natural rate of healing is unusually fast.
You are covered in fur. (AC +1)
You have extremely tough skin. (AC +3)
You cannot be stealthy.
You cannot study or use magical devices.
You are hated by all.
You cannot train Armour skill.
You cannot study or cast Fire magic.
You cannot study or cast Hexes magic.
You cannot study or cast Translocations magic.


Message History

The shambling mangrove is almost destroyed.
The hornet stings you but does no damage.
The shambling mangrove hits you!!
* * * LOW HITPOINT WARNING * * *
x2 The grasping roots constrict you.
The hornet stings you!
* * * LOW HITPOINT WARNING * * *
You feel yourself slow down.
You slash the shambling mangrove!
You destroy the shambling mangrove!
The hornet is stunned by your will and fails to attack.
The hornet stings you!
* * * LOW HITPOINT WARNING * * *
You suddenly lose the ability to move!
The hornet stings you!
* * * LOW HITPOINT WARNING * * *
You focus your will and blind the hornet in retribution!
The hornet stings you!
* * * LOW HITPOINT WARNING * * *
The hornet barely misses you. The hornet stings you.
You die...

≈...≈≈..♣§...♣♣
≈≈≈≈≈≈..♣≈..≈.♣ ♣♣♣♣♣
≈≈≈≈≈≈≈.≈♣.≈≈ ♣♣♣♣.≈≈..
≈≈≈≈≈≈≈≈.>≈. ♣≈..≈≈...
.≈.≈≈≈≈≈.≈♣ ♣♣♣♣♣........
..≈≈≈≈≈..≈♣ ♣♣≈≈≈≈..≈.≈♣
.≈≈≈≈≈...♣ ♣♣≈≈≈≈.(..≈♣♣
..≈≈≈≈≈.♣♣♣♣♣♣≈≈≈≈≈.<≈≈≈≈♣
.≈≈≈≈≈≈≈.≈y@.≈....(..≈≈..♣
.≈≈≈≈≈≈≈≈♣yy.≈♣♣.(≈≈≈≈≈≈>.♣
≈≈≈≈≈..≈....♣♣♣♣.(≈≈≈≈.≈≈.♣
..≈≈...≈§.≈♣♣ ♣...≈≈.....♣
.........♣♣♣ ♣....≈♣≈..♣♣
≈.♣....♣♣♣ ♣≈)≈.♣♣).≈.≈
≈.♣♣♣.. ♣♣..♣♣ [.≈≈≈ ♣≈.
♣♣♣♣ ♣§.≈ ♣♣♣


You could see 3 hornets.

Vanquished Creatures
  Saint Roka (Orc:2)
  Agnes (D:14)
  Kirke (D:12)
  A minotaur (Gauntlet)
  Azrael (D:12)
  The ghost of kae the Grappler, a journeyman TrTm of Ru (D:12)
  An ettin (Orc:1)
  A green death (Gauntlet)
  A yaktaur captain (D:15)
  A fire dragon (Lair:1)
  Harold (Orc:1)
  2 boulder beetles
  8 hydras
  A ghost crab (Swamp:1)
  4 centaur warriors
  A shambling mangrove (Swamp:1)
  6 two-headed ogres
  2 dancing weapons (D:13)
  Urug (Orc:2)
  A spriggan (Swamp:1)
  An orc high priest (Orc:2)
  A hell knight (Volcano)
  Nergalle (Orc:2)
  A salamander mystic (Volcano)
  2 unseen horrors
  A wolf spider zombie (D:15)
  3 wizards
  A lindwurm (Lair:6)
  7 orc knights
  Pikel (D:8)
  A wolf spider (Lair:6)
  A deep elf mage (D:14)
  5 orc sorcerers
  2 manticores
  5 ugly things (D:12)
  5 salamanders (Volcano)
  4 cyclopes
  9 elephants
  Maurice (D:12)
  A guardian serpent (Lair:6)
  6 black mambas
  5 gargoyles
  19 cane toads
  3 torpor snails
  3 rime drakes
  Maggie (D:9)
  5 yaktaurs (D:15)
  A tengu conjurer (D:14)
  13 komodo dragons
  11 polar bears
  6 meliai
  4 hornets
  A bog body (Lair:2)
  5 trolls
  7 blink frogs
  A raiju (Lair:6)
  Prince Ribbit (D:8)
  A blink frog (shapeshifter) (D:14)
  4 slime creatures (D:12)
  75 yaks
  A redback (Lair:6)
  5 shadows
  Sigmund (D:2)
  A vampire (D:14)
  A wraith (D:10)
  10 wyverns
  7 hogs (D:12)
  4 basilisks
  6 fire elementals (D:11)
  3 humans (D:12)
  6 wargs (Lair:6)
  15 hell hounds
  A soldier ant (D:15)
  31 water moccasins
  Purgy (D:3)
  A swamp drake (shapeshifter) (D:13)
  2 phantoms
  4 sky beasts
  A hornet zombie (D:10)
  6 ice beasts
  40 orc warriors
  16 black bears
  An eye of draining (D:14)
  A necrophage (D:3)
  11 ogres
  An eye of draining (shapeshifter) (D:13)
  14 centaurs
  21 wolves
  A lemure (D:8)
  A big kobold (D:12)
  24 bullfrogs
  Blork the orc (D:5)
  A wyvern skeleton (D:8)
  6 scorpions
  A troll zombie (D:11)
  16 killer bees
  8 wights
  2 electric eels (Lair:3)
  4 howler monkeys
  A bullfrog zombie (D:8)
  9 centaur zombies
  2 jellies
  7 centaur skeletons
  16 orc priests
  Terence (D:3)
  3 bullfrog skeletons
  2 gnoll shamans
  8 hounds
  8 iguanas
  Natasha (thrice) (D:3)
  29 orc wizards
  10 worker ants
  7 ogre zombies (D:11)
  A hound zombie (D:6)
  A hound skeleton (D:6)
  A worker ant zombie (D:10)
  12 gnolls
  A howler monkey skeleton (D:6)
  11 adders
  A river rat (D:3)
  5 shadow imps
  4 white imps
  2 ufetubi
  2 oozes
  An adder skeleton (D:9)
  An adder zombie (D:6)
  A worm (D:4)
  7 dart slugs
  5 leopard geckos
  121 orcs
  4 giant cockroaches
  14 goblins
  7 hobgoblins
  7 jackals
  5 quokkas
  2 ball pythons (D:3)
  6 bats
  5 frilled lizards
  A giant cockroach zombie (D:5)
  A goblin zombie (D:11)
  A hobgoblin skeleton (D:11)
  4 hobgoblin zombies (D:11)
  A jackal skeleton (D:6)
  14 kobolds
  A leopard gecko zombie (D:9)
  2 orc skeletons (D:11)
  17 orc zombies (D:11)
  9 rats
923 creatures vanquished.

Vanquished Creatures (others)
  A hydra (Lair:2)
  A two-headed ogre (D:8)
  A salamander (Volcano)
  A troll (D:15)
  A yak (Lair:5)
  A warg (Orc:2)
  A killer bee (D:13)
  An orc wizard (Orc:2)
  An adder (D:12)
  35 fungi
  81 plants
125 creatures vanquished.

Grand Total: 1048 creatures vanquished

Notes
Turn   | Place    | Note
-------+----------+-------------------------------------------
     0 | D:1      | kae the Troll Transmuter began the quest for the Orb.
     0 | D:1      | Reached XP level 1. HP: 18/18 MP: 1/1
   211 | D:1      | Reached XP level 2. HP: 22/26 MP: 3/3
   463 | D:1      | Reached skill level 1 in Fighting
   513 | D:1      | Reached XP level 3. HP: 30/33 MP: 4/4
  1072 | D:2      | Found a radiant altar of Vehumet.
  1177 | D:2      | Noticed Sigmund
  1187 | D:2      | Killed Sigmund
  1187 | D:2      | Reached skill level 4 in Unarmed Combat
  1187 | D:2      | Reached XP level 4. HP: 42/42 MP: 4/6
  1187 | D:2      | Reached XP level 5. HP: 49/49 MP: 4/7
  1656 | D:3      | Reached XP level 6. HP: 41/57 MP: 6/8
  1678 | D:3      | Noticed Natasha
  1684 | D:3      | Killed Natasha
  1723 | D:3      | Found a glowing drain.
  1775 | Sewer    | Entered a sewer
  1836 | Sewer    | Noticed a water moccasin
  1844 | Sewer    | Killed a water moccasin
  1844 | Sewer    | Reached XP level 7. HP: 56/64 MP: 7/9
  1914 | D:3      | Noticed Natasha
  1921 | D:3      | Killed Natasha
  1921 | D:3      | Reached skill level 5 in Unarmed Combat
  2038 | D:3      | Noticed Terence
  2038 | D:3      | Noticed Purgy
  2049 | D:3      | Killed Purgy
  2056 | D:3      | Killed Terence
  2096 | D:3      | Noticed Natasha
  2102 | D:3      | Killed Natasha
  2566 | D:4      | Found a glowing golden altar of the Shining One.
  2566 | D:4      | Found a broken altar of Ashenzari.
  2620 | D:4      | Found Peunkec's Jewellery Shop.
  2628 | D:4      | Found a basalt altar of Yredelemnul.
  2799 | D:5      | Entered Level 5 of the Dungeon
  2876 | D:5      | Reached XP level 8. HP: 52/73 MP: 8/10
  2966 | D:5      | Noticed Blork the orc
  2979 | D:5      | Killed Blork the orc
  2979 | D:5      | Reached skill level 6 in Unarmed Combat
  3654 | D:6      | Reached skill level 5 in Transmutations
  3680 | D:6      | Reached skill level 7 in Unarmed Combat
  4186 | D:7      | Identified 2 scrolls of acquirement
  4186 | D:7      | Acquired 273 gold pieces
  4187 | D:7      | Acquired the amulet of Zont {RegenMP rPois Str+2 Stlth+}
  4194 | D:7      | Reached XP level 9. HP: 78/82 MP: 11/11
  4219 | D:7      | Found Azickeps's Armour Boutique.
  4355 | D:7      | Got a scintillating jade ring
  4364 | D:7      | Found a staircase to the Ecumenical Temple.
  4391 | Temple   | Entered the Ecumenical Temple
  4539 | Temple   | Became a worshipper of Ru the Awakened
  4629 | D:7      | Identified the +8 great mace "Zeuqif" {vorpal, *Rage rC+
                  | rN+ SInv}
  5233 | D:7      | Got an ancient robe
  5244 | D:7      | Identified the +2 robe of Altruism {Regen+ Int+3} (You
                  | found it on level 7 of the Dungeon)
  5246 | D:7      | Identified the ring "Somuic" {rN++ Dex+6 SInv} (You found
                  | it on level 7 of the Dungeon)
  5425 | D:8      | Noticed a two-headed ogre
  5433 | D:8      | Noticed Pikel
  5443 | D:8      | Killed Pikel
  5443 | D:8      | Reached skill level 8 in Unarmed Combat
  5462 | D:8      | Found a flagged portal.
  5472 | D:8      | Gained mutation: You cannot study or cast Fire magic. [Ru
                  | sacrifice]
  5472 | D:8      | Gained mutation: You cannot study or cast Hexes magic. [Ru
                  | sacrifice]
  5472 | D:8      | Gained mutation: You cannot study or cast Translocations
                  | magic. [Ru sacrifice]
  5472 | D:8      | Reached * piety under Ru
  5487 | Bailey   | Entered a bailey
  5514 | Bailey   | HP: 3/85 [orc/+0 trident (3)]
  5636 | Bailey   | Reached skill level 5 in Dodging
  5885 | Bailey   | Reached XP level 10. HP: 94/94 MP: 12/12
  5901 | Bailey   | Noticed an orc knight
  5963 | Bailey   | Noticed an orc knight
  6268 | Bailey   | Noticed an orc knight
  6277 | Bailey   | Killed an orc knight
  6277 | Bailey   | Reached skill level 9 in Unarmed Combat
  6316 | Bailey   | Killed an orc knight
  6316 | Bailey   | Reached skill level 5 in Fighting
  6439 | Bailey   | Noticed an orc knight
  6439 | Bailey   | Noticed an orc knight
  6485 | Bailey   | Killed an orc knight
  6490 | Bailey   | Killed an orc knight
  6763 | D:8      | Killed a two-headed ogre
  6763 | D:8      | Reached skill level 10 in Unarmed Combat
  7032 | D:8      | Noticed Prince Ribbit
  7034 | D:8      | Found a glowing silver altar of Zin.
  7036 | D:8      | Found a burning altar of Makhleb.
  7045 | D:8      | Noticed an angel
  7047 | D:8      | Killed Prince Ribbit
  7047 | D:8      | Reached XP level 11. HP: 102/105 MP: 13/13
  7052 | D:8      | Noticed a green death
  7170 | D:9      | Found a runed translucent door.
  7214 | D:9      | Noticed a fire dragon
  7217 | D:9      | Noticed an ice dragon
  7222 | D:9      | Noticed a fire dragon
  7223 | D:9      | Found a runed translucent door.
  7224 | D:9      | Noticed an ice dragon
  7225 | D:9      | Found the +2 shield of Resistance {rF++ rC++ MR++}
  7245 | D:9      | Noticed Maggie
  7255 | D:9      | Killed Maggie
  7362 | D:9      | Gained mutation: You cannot train Armour skill. [Ru
                  | sacrifice]
  7362 | D:9      | Reached ** piety under Ru
  7724 | D:9      | Learned a level 3 spell: Spider Form
  7730 | D:9      | Learned a level 5 spell: Blade Hands
  7735 | D:9      | Learned a level 4 spell: Ice Form
  8233 | D:10     | Entered Level 10 of the Dungeon
  8250 | D:10     | You fall into a shaft and drop 2 floors!
  8251 | D:12     | Noticed Maurice
  8258 | D:12     | Killed Maurice
  8262 | D:12     | Noticed a two-headed ogre
  8271 | D:12     | Killed a two-headed ogre
  8339 | D:12     | Noticed a green ugly thing
  8350 | D:12     | Killed a green ugly thing
  8355 | D:12     | Reached skill level 11 in Unarmed Combat
  8386 | D:12     | Found a blossoming altar of Fedhas.
  8418 | D:12     | Noticed a two-headed ogre
  8426 | D:12     | Killed a two-headed ogre
  8453 | D:12     | Noticed a boulder beetle
  8476 | D:12     | Killed a boulder beetle
  8516 | D:12     | Found a shimmering blue altar of Sif Muna.
  8516 | D:12     | Found a sacrificial altar of Ru.
  8518 | D:12     | Found a basalt altar of Yredelemnul.
  8518 | D:12     | Found a snail-covered altar of Cheibriados.
  8543 | D:12     | Noticed a brown ugly thing
  8553 | D:12     | Noticed a cyan ugly thing
  8568 | D:12     | Killed a cyan ugly thing
  8652 | D:12     | Reached XP level 12. HP: 74/115 MP: 14/14
  8712 | D:12     | Gained mutation: You cannot study or use magical devices.
                  | [Ru sacrifice]
  8712 | D:12     | Reached *** piety under Ru
  8712 | D:12     | Reached **** piety under Ru
  8841 | D:12     | Noticed Kirke
  8875 | D:12     | Killed Kirke
  8954 | D:12     | Found a runed translucent door.
  8954 | D:12     | Noticed kae's ghost (journeyman TrTm)
  9133 | D:12     | Reached skill level 12 in Unarmed Combat
  9234 | D:12     | Noticed Azrael
  9429 | D:12     | Killed Azrael
  9812 | D:11     | Found a staircase to the Orcish Mines.
  9990 | D:11     | Noticed a boulder beetle
 10007 | D:11     | Killed a boulder beetle
 10164 | D:11     | Reached skill level 10 in Transmutations
 10274 | D:11     | Found a shadowy altar of Dithmenos.
 10412 | D:11     | Noticed a two-headed ogre
 10417 | D:11     | Killed a two-headed ogre
 10449 | D:11     | Reached XP level 13. HP: 126/126 MP: 15/15
 10789 | D:10     | Found a staircase to the Lair.
 10823 | D:10     | Reached skill level 13 in Unarmed Combat
 11134 | Lair:1   | Entered Level 1 of the Lair of Beasts
 11490 | Lair:1   | Noticed a fire dragon
 11499 | Lair:1   | Killed a fire dragon
 12803 | Lair:2   | Found a staircase to the Swamp.
 13592 | Lair:3   | Gained mutation: Your magical capacity is low. (-10% MP)
                  | [Ru sacrifice]
 13592 | Lair:3   | Reached ***** piety under Ru
 13681 | Lair:3   | Reached skill level 14 in Unarmed Combat
 13729 | Lair:3   | Found a staircase to the Snake Pit.
 14263 | Lair:4   | Found a gate leading to a gauntlet.
 14278 | Lair:4   | Reached XP level 14. HP: 137/137 MP: 14/14
 14305 | Gauntlet | Entered a Gauntlet
 14305 | Gauntlet | Found a transporter.
 14323 | Gauntlet | Found a transporter.
 14339 | Gauntlet | Found a transporter.
 14343 | Gauntlet | Found a transporter.
 14359 | Gauntlet | Found a transporter.
 14373 | Gauntlet | Found a transporter.
 14378 | Gauntlet | Found a transporter.
 14382 | Gauntlet | Found a transporter.
 14407 | Gauntlet | Found a transporter.
 14426 | Gauntlet | Found a transporter.
 14430 | Gauntlet | Found a transporter.
 14441 | Gauntlet | Found a transporter.
 14683 | Gauntlet | Identified the +0 buckler of Suughuch {Harm rF+ rC- rN+}
 14962 | Lair:4   | Gained mutation: You cannot be stealthy. [Ru sacrifice]
 15685 | Lair:5   | Found a staircase to the Slime Pits.
 15913 | Lair:5   | Found a dark tunnel.
 15980 | Volcano  | Entered a volcano
 16021 | Volcano  | Found a burning altar of Makhleb.
 16811 | Lair:6   | Entered Level 6 of the Lair of Beasts
 16883 | Lair:6   | Gained mutation: You are hated by all. [Ru sacrifice]
 16883 | Lair:6   | Reached ****** piety under Ru
 17201 | Lair:6   | Reached skill level 15 in Unarmed Combat
 17973 | Lair:6   | Reached XP level 15. HP: 104/148 MP: 15/15
 19429 | D:12     | Killed kae's ghost
 19552 | D:13     | Found a burning altar of Makhleb.
 19712 | D:13     | Reached skill level 10 in Dodging
 19871 | D:13     | Found a gate to the Vaults.
 20717 | D:14     | Noticed Agnes
 20723 | D:14     | Killed Agnes
 21046 | D:14     | Reached skill level 16 in Unarmed Combat
 21272 | D:15     | Entered Level 15 of the Dungeon
 21288 | D:15     | Noticed Payqy's ghost (journeyman FoFi)
 21295 | D:15     | Found a transporter.
 21582 | D:15     | Found a transporter.
 21690 | D:15     | Reached skill level 10 in Fighting
 22023 | D:15     | Found a staircase to the Depths.
 22496 | Orc:1    | Entered Level 1 of the Orcish Mines
 22631 | Orc:2    | Entered Level 2 of the Orcish Mines
 23080 | Orc:1    | Noticed Harold
 23086 | Orc:1    | Killed Harold
 23276 | Orc:2    | Noticed Nergalle
 23288 | Orc:2    | Killed Nergalle
 23290 | Orc:2    | Noticed Urug
 23291 | Orc:2    | Found a roughly hewn altar of Beogh.
 23292 | Orc:2    | Noticed Saint Roka
 23294 | Orc:2    | Reached XP level 16. HP: 139/158 MP: 16/16
 23299 | Orc:2    | Killed Urug
 23300 | Orc:2    | Found Huveudd's Book Emporium.
 23308 | Orc:2    | Found Bunnutygg's General Store.
 23327 | Orc:2    | Killed Saint Roka
 23331 | Orc:2    | HP: 6/158 [orc warrior/+0 dire flail (15)]
 23651 | Orc:2    | Learned a level 2 spell: Passwall
 23663 | Orc:2    | Found a staircase to the Elven Halls.
 23868 | Orc:2    | Found Pakliqua's Antique Weapon Emporium.
 23885 | Orc:2    | Found Taab's Antique Armour Emporium.
 23892 | Orc:2    | Bought a glowing cloak for 217 gold pieces
 24417 | Swamp:1  | Entered Level 1 of the Swamp
 24507 | Swamp:1  | Paralysed by a hornet for 3 turns
 24508 | Swamp:1  | HP: 1/158 [hornet[a shambling mangrove] (8)]
 24508 | Swamp:1  | Slain by a hornet

Illustrated notes

Levels and vault maps discovered:
D:1:      dpeg_arrival_short_road, layout_loops_corners
D:2:      layout_loops_cross, lemuel_crystal_altar, uniq_sigmund
D:3:      layout_rooms, portal_sewer_entry_a, serial_curves, eino_curves_01,
          eino_curves_02, saegor_snake_ambush, uniq_terence, uniq_natasha,
          uniq_purgy
D:4:      layout_rooms, gammafunk_temple_overflow_wave, lemuel_crystal_altar,
          serial_shops, shop
D:5:      cheibrodos_quashed, layout_gridville, minmay_misc_feat_roman,
          uniq_blork_the_orc
D:6:      layout_basic, hangedman_decor_peaks_small
D:7:      layout_basic, temple_statues, serial_shops, shop, minivault_10,
          kennysheep_generic_room_7
D:8:      layout_rooms, grunt_temple_overflow_order_and_chaos_2, special_room
          [special_room_orc], enter_bailey_3, uniq_prince_ribbit1, uniq_pikel
D:9:      layout_loops_corners, minmay_guarded_unrand_resistance, uniq_maggie
D:10:     cheibrodos_statue_roulette, layout_cave_pools, david_lair_generic
D:11:     layout_loops_ring, zombieorc2_lemuel, basic_altar
D:12:     minmay_the_grid_octo_tiled_squarecenter_mashed
          [minmay_the_grid_octo_shrine, minmay_the_grid_octo_vomiting_pacman,
          minmay_the_grid_octo_chip, minmay_the_grid_octo_tetromino_candy,
          minmay_the_grid_square_5x5_megaprize_hollow,
          minmay_the_grid_square_5x5_pentomino_r,
          minmay_the_grid_square_5x5_dogpile, minmay_the_grid_square_5x5_lines,
          minmay_the_grid_square_5x5_spiral_small], layout_gridville,
          hellmonk_ghost_happy_afterlife, minmay_misc_feat_enclosed,
          grunt_livestock, uniq_maurice, uniq_azrael, uniq_kirke
D:13:     layout_loops_ring, erik_vaults_1, lemuel_hellish_altar
D:14:     layout_stronghold, grunt_ministairs_14, uniq_agnes
D:15:     grunt_enter_depths_snipers, layout_loops_corners,
          ebering_dispersal_statue_hall, gammafunk_ghost_stat_death,
          st_stairs_5, nrook_pool_corridor
Temple:   regret_index_temple_sphere_string
Lair:1:   dragon1_lemuel, layout_cave_pods, lemuel_fruit_fields
Lair:2:   layout_regular_city, skrybe_swamp_entry_bodies, nzn_random_ring
Lair:3:   layout_long_grid, dummy_snake_entry, serial_bayou_shore_a
Lair:4:   layout_regular_city, gauntlet_entry_generic,
          chequers_serial_rivers_micro_a, chequers_serial_rivers_micro_c,
          grunt_megastairs_1
Lair:5:   layout_hall_layers, dpeg_slime_entry_corner,
          nicolae_volcano_entry_two_sided
Lair:6:   hangedman_lair_tendril_chambers, layout_cave_pods,
          hangedman_lair_caniforms_friends, lemuel_fruit_tree
Swamp:1:  layout_basic_swamp, evilmike_swamp_ruin_house_2
Orc:1:    layout_caves, library_closet, uniq_harold
Orc:2:    grunt_orc_cross, layout_diamond_mine, mines2_lemuel

Skill      XL: |  1  2  3  4  5  6  7  8  9 10 11 12 13 14 15 |
---------------+----------------------------------------------+-----
Fighting       | 1 2 3 4 5 6 7 8 9 10 | 10.3
Dodging        | 2 3 4 5 6 7 8 9 10 | 10.5
Unarmed Combat | 4 5 7 8 10 11 12 14 15 16 | 16.5
Spellcasting   | 2 |  2.0
Transmutations | 2 3 4 5 6 7 9 10 11 12 13 | 13.2

Action                   |  1- 3 |  4- 6 |  7- 9 | 10-12 | 13-15 | 16-18 || total
-------------------------+-------+-------+-------+-------+-------+-------++-------
Melee: Unarmed           |    71 |    99 |   410 |   767 |  1035 |    69 ||  2451
       Headbutt          |     1 |     5 |    24 |    41 |    25 |     1 ||    97
       Punch             |       |     2 |    13 |    64 |    91 |    10 ||   180
       Kick              |       |     5 |    51 |    70 |    28 |     1 ||   155
 Cast: Beastly Appendage |     3 |    10 |    28 |    13 |     6 |     1 ||    61
       Blade Hands       |       |       |       |       |    76 |     3 ||    79
       Ice Form          |       |       |       |       |     7 |       ||     7
Invok: Sacrifice Arcana  |       |       |     1 |       |       |       ||     1
       Sacrifice Durabil |       |       |       |     1 |       |       ||     1
       Sacrifice Artific |       |       |       |     1 |       |       ||     1
       Reject Sacrifices |       |       |       |     1 |       |       ||     1
       Sacrifice Essence |       |       |       |       |     1 |       ||     1
       Sacrifice Stealth |       |       |       |       |     1 |       ||     1
       Sacrifice Love    |       |       |       |       |     1 |       ||     1
       Apocalypse        |       |       |       |       |       |     1 ||     1
Evoke: Wand              |       |       |       |     5 |       |       ||     5
  Use: Potion            |       |     2 |     5 |     1 |       |       ||     8
       Scroll            |       |       |    20 |     3 |    15 |     1 ||    39
 Stab: Sleeping          |       |       |     4 |    12 |     6 |       ||    22
       Distracted        |       |       |     1 |     3 |     8 |       ||    12
       Fleeing           |       |       |       |     1 |       |       ||     1
       Invisible         |       |       |       |     4 |     9 |       ||    13
       Paralysed         |       |       |       |       |    11 |     3 ||    14
       Petrifying        |       |       |       |       |     1 |       ||     1
       Confused          |       |       |       |       |     1 |       ||     1
Armor: Robe              |    21 |    45 |   106 |   130 |    47 |       ||   349
       Fire dragon scale |       |       |       |       |   242 |    14 ||   256
       Skin              |       |       |       |       |     3 |       ||     3
Dodge: Dodged            |    30 |    77 |   409 |   607 |   629 |    29 ||  1781
       Repelled          |       |       |       |       |     6 |       ||     6

Table legend: (Time is in decaauts)
 A = Elapsed time spent in this place.
 B = Non-inter-level travel time spent in this place.
 C = Inter-level travel time spent in this place.
 D = Time resting spent in this place.
 E = Time spent auto-exploring this place.
 F = Levels seen in this place.
 G = Mean time per level.
                   A        B        C        D        E       F      G
               +--------+--------+--------+--------+--------+-----+--------+
         Total |  24092 |  22934 |   1158 |   1267 |  16600 |  29 |  830.8 |
       Dungeon |  12789 |  12165 |    624 |    298 |   9147 |  15 |  852.6 |
        Temple |    173 |    144 |     29 |      0 |    143 |   1 |  173.0 |
          Lair |   7257 |   6880 |    377 |    231 |   5466 |   6 | 1209.5 |
         Swamp |    101 |    101 |      0 |      3 |     51 |   1 |  101.0 |
  Orcish Mines |   1771 |   1645 |    126 |    284 |   1070 |   2 |  885.5 |
         Sewer |    135 |    135 |      0 |      0 |    101 |   1 |  135.0 |
        Bailey |   1080 |   1080 |      0 |    300 |    271 |   1 | 1080.0 |
       Volcano |    303 |    303 |      0 |    105 |     91 |   1 |  303.0 |
      Gauntlet |    479 |    479 |      0 |     46 |    259 |   1 |  479.0 |
               +--------+--------+--------+--------+--------+-----+--------+

Top non-repeatable levels by time:
  Lair:6: 2299 daAuts
    D:12: 1407 daAuts
  Lair:1: 1188 daAuts
    D:11: 1166 daAuts
    D:15: 1126 daAuts
   Orc:2: 1123 daAuts
  Bailey: 1080 daAuts
     D:9: 1037 daAuts
  Lair:2: 1034 daAuts
     D:1: 967 daAuts
  Lair:4: 945 daAuts
     D:7: 934 daAuts
  Lair:3: 933 daAuts
    D:14: 866 daAuts
    D:13: 864 daAuts
